 Dungeon Crawl Stone Soup version 0.19.0-18-g426998a (webtiles) character file.

84049 Leybi the Wrestler (level 15, -2/158 HPs)
             Began as a Troll Berserker on Nov 11, 2016.
             Was a High Priest of Trog.
             Slain by a cyclops (27 damage)
             ... on level 15 of the Dungeon.
             The game lasted 01:38:19 (23954 turns).

Leybi the Wrestler (Troll Berserker)               Turns: 23954, Time: 01:38:20

Health: -2/158     AC:  0    Str: 42    XL:     15   Next: 34%
Magic:  0/14       EV: 11    Int:  3    God:    Trog [*****.]
Gold:   1515       SH:  0    Dex: 13    Spells: 0 memorised, 14 levels left

rFire  + . .     SeeInvis +       - Unarmed
rCold  . . .     Gourm    +     B - +2 robe {rC+}
rNeg   . . .     Faith    .     (no shield)
rPois  .         Spirit   +     a - +2 hat {Spirit}
rElec  .         Reflect  .     r - +2 cloak {+Inv}
rCorr  .         Harm     .     (gloves unavailable)
MR     +++..                    (boots unavailable)
Stlth  +.........               k - amulet of regeneration
                                O - ring "Lajuxkymm" {Slay+6 SInv}
                                X - ring of Xiago {Fire +Fly Str+3 Dex+4 SInv}

@: mighty, exhausted, corroded, regenerating, slowed, very slow
A: unfitting armour, claws 3, fast metabolism 3, gourmand, regeneration 1,
shaggy fur 1, tough skin 2
a: Berserk, Trog's Hand, Brothers in Arms, Burn Spellbooks, Renounce Religion,
Evoke Invisibility, Evoke Flight


You were on level 15 of the Dungeon.
You worshipped Trog.
Trog was extremely pleased with you.
You were very full.

You visited 5 branches of the dungeon, and saw 25 of its levels.
You also visited: Labyrinth, Sewer and Ossuary.

You collected 2371 gold pieces.
You spent 856 gold pieces at shops.

Inventory:

Armour
 a - a +2 hat of spirit shield (worn)
 r - a +2 cloak of invisibility (worn)
 B - a +2 robe of cold resistance (worn)
 F - +0 storm dragon scales
Rods
 I - a +4 rod of ignition (10/10)
   (You found it in a labyrinth)
Jewellery
 d - an uncursed ring of positive energy
 k - an amulet of regeneration (around neck)
 l - an uncursed ring of protection from cold
 w - an uncursed ring of resist corrosion {unknown}
 O - the ring "Lajuxkymm" (right claw) {Slay+6 SInv}
   (You found it on level 9 of the Dungeon)

   [ring of see invisible]

   It affects your accuracy and damage with ranged weapons and melee attacks
   (+6).
   It lets you see invisible.
 X - the ring of Xiago (left claw) {Fire +Fly Str+3 Dex+4 SInv}
   (You found it on level 6 of the Lair of Beasts)

   [ring of fire]

   It enhances your fire magic.
   It affects your strength (+3).
   It affects your dexterity (+4).
   It protects you from fire.
   It makes you vulnerable to cold.
   It lets you see invisible.
   It lets you fly.
Wands
 J - a wand of iceblast (9/15)
 M - a wand of iceblast (8/15)
 N - a wand of iceblast (9/15)
 Z - a wand of paralysis (14/24)
Scrolls
 c - 8 scrolls of identify
 f - 3 scrolls of fear
 g - a scroll of random uselessness {unknown}
 m - 4 scrolls of teleportation
 p - 5 scrolls of enchant armour
 s - 4 scrolls of remove curse
 t - 2 scrolls of blinking
 x - 2 scrolls of enchant weapon {unknown}
 y - a scroll of magic mapping {unknown}
 D - 6 scrolls of immolation {unknown}
 H - 6 scrolls of fog {unknown}
 K - a scroll of vulnerability {unknown}
 S - 7 scrolls of amnesia {unknown}
 T - a scroll of silence {unknown}
 U - 2 scrolls of recharging {unknown}
Potions
 e - a potion of cure mutation
 n - 12 potions of curing
 o - 2 potions of cancellation
 q - 6 potions of mutation
 u - 4 potions of invisibility
 v - a potion of agility
 A - 3 potions of flight
 C - 5 potions of might
 G - a potion of haste
 P - 4 potions of heal wounds {unknown}
 Q - 2 potions of magic {unknown}
 R - a potion of berserk rage
 W - 2 potions of brilliance {unknown}
 Y - a potion of ambrosia {unknown}
Books
 j - a book of the Sky

   Spells                             Type                      Level
   a - Summon Lightning Spire         Summoning/Air                4
   b - Airstrike                      Air                          4
   c - Silence                        Hexes/Air                    5
   d - Deflect Missiles               Charms/Air                   6
   e - Conjure Ball Lightning         Conjuration/Air              6
   f - Tornado                        Air                          9
   Trog disapproves of the use of such an item.
Comestibles
 b - 14 bread rations
 h - 12 slices of pizza
 i - a royal jelly
 z - 5 meat rations
 E - 6 beef jerkies
 L - 31 fruits
 V - 3 chunks of flesh


   Skills:
 + Level 12.6 Fighting
 + Level 4.2 Dodging
 * Level 21.1 Unarmed Combat


You had 14 spell levels left.
You didn't know any spells.

Dungeon Overview and Level Annotations

Branches:
Dungeon (15/15)            Temple (1/1) D:7            Lair (6/6) D:8
  Swamp (0/4) Lair:3       Spider (0/4) Lair:2        Slime (0/5) Lair:5
    Orc (2/2) D:12            Elf (1/3) Orc:2        Vaults (0/5) D:13
 Depths (0/5) D:15

Altars:
Ashenzari
Cheibriados
Dithmenos
Elyvilon
Fedhas
Gozag
Hepliaklqana
Kikubaaqudgha
Makhleb
Nemelex Xobeh
Okawaru
Qazlal
Ru
Sif Muna
Trog
Uskayaw
Vehumet
Xom
Yredelemnul
Zin
The Shining One
Beogh

Shops:
D:8 =   D:9 (   D:10 [   D:11 (   Orc:1 ?   Orc:2 [*([

Annotations:
Lair:5 exclusion: oklob plant


Innate Abilities, Weirdness & Mutations

You are too large for most types of armour.
You have claws for hands.
Your metabolism is lightning-fast.
You like to eat raw meat.
Your natural rate of healing is unusually fast.
You are covered in fur. (AC +1)
You have very tough skin. (AC +2)


Message History

Found a meat ration.
Your skin crawls.
You feel resistant to hostile enchantments.
You feel somewhat less full.
The cyclops throws a large rock.
The large rock hits you!!
You see here a large rock.
The cyclops misses you.
You scratch the cyclops but do no damage.
You claw the cyclops!
The cyclops is lightly wounded.
The cyclops hits you!!
* * * LOW HITPOINT WARNING * * *
You scratch the cyclops but do no damage.
The cyclops is lightly wounded.
The cyclops hits you!!
* * * LOW HITPOINT WARNING * * *
It was a potion of might.
You feel very mighty all of a sudden. The cyclops hits you!!
You die...

..#.'........#.....# #####....
..#.##########.....# #....
..#...........%....# #....
..#...<............# #....
..#................######+###....
..#..............................
..####.................#######)..
.....#.........(.......# ... #..)
.....#..########@C.....#.....#..#
.....#..#......#...#####.....#..#
#....#..#......#...#.........#.÷÷
#....# C......#...#.........#..#
###### #......#...#.........#..#
... #......#†..#.........#..' ...
#......(†..#.........#..# ...
######'#...#.).......#..# ...
........#'#########...


You could see a cyclops.

Vanquished Creatures
  An orc warlord (Orc:2)
  Nessos (D:15)
  6 dire elephants
  A minotaur (Lab)
  2 hydras
  8 vault guards (D:13)
  4 centaur warriors
  Erica (D:8)
  An anaconda (Lair:6)
  A catoblepas (Lair:6)
  2 tengu warriors
  2 orc high priests
  Urug (D:11)
  Sonja (Lair:2)
  Nergalle (Lair:3)
  An unseen horror (D:14)
  5 hill giants
  4 orc knights
  An orc sorcerer (D:12)
  10 ugly things
  3 manticores
  3 wolf spiders
  4 deep elf magi
  2 cyclopes
  4 elephants (Lair:6)
  A centaur zombie (D:12)
  12 spiny frogs
  2 gargoyles
  A centaur skeleton (D:15)
  4 yaktaurs (D:14)
  4 rime drakes
  A freezing wraith (D:14)
  A kobold demonologist (D:14)
  A tengu conjurer (D:15)
  An efreet (D:15)
  4 komodo dragons
  The ghost of aggelon the Cudgeler, an amateur TrBe of Trog (Sewer)
  4 trolls
  15 blink frogs
  12 slime creatures
  A two-headed ogre (shapeshifter) (D:13)
  4 hippogriffs
  A centaur simulacrum (D:14)
  3 shadows
  3 wraiths
  3 wyverns
  3 basilisks
  38 yaks
  The ghost of Turgon the Insei, an amateur DsCK of Xom (D:5)
  4 vampire mosquitoes (D:13)
  A hungry ghost (D:10)
  2 wargs
  Edmund (D:4)
  A mottled dragon (D:14)
  12 water moccasins
  A soldier ant (D:15)
  A swamp drake (D:12)
  8 porcupines
  2 sky beasts
  2 eyes of draining
  37 orc warriors
  A hornet zombie (D:15)
  13 ogres
  A black bear (D:9)
  A necrophage (D:11)
  2 ice beasts
  21 wolves
  2 phantoms
  4 centaurs
  13 crocodiles
  3 big kobolds
  A gnoll sergeant (D:8)
  15 bullfrogs
  A wyvern skeleton (D:13)
  3 scorpions
  8 wights
  13 killer bees
  3 vampire bats (D:7)
  2 electric eels (Lair:3)
  3 howler monkeys (D:12)
  7 crimson imps
  4 quasits
  8 hounds
  2 bullfrog zombies
  20 orc priests
  3 bullfrog skeletons
  5 jellies
  A gnoll shaman (D:9)
  18 orc wizards
  6 iguanas
  9 worker ants
  A hound zombie (D:11)
  Robin (D:4)
  2 mummies
  16 gnolls
  20 adders
  2 shadow imps
  9 oozes
  2 worms
  4 dart slugs
  17 leopard geckos
  97 orcs
  12 ball pythons
  10 bats
  2 bat skeletons (D:7)
  5 bat zombies (D:7)
  20 giant cockroaches
  15 goblins
  10 hobgoblins
  8 jackals
  3 quokkas
  13 frilled lizards
  4 gnoll skeletons (Ossuary)
  A jackal skeleton (D:5)
  12 kobolds
  7 kobold skeletons (Ossuary)
  A leopard gecko zombie (D:5)
  14 orc skeletons (Ossuary)
  7 rats
  5 plants (Lair:6)
776 creatures vanquished.

Vanquished Creatures (collateral kills)
  7 hydras
  An orc high priest (Orc:2)
  An orc sorcerer (Orc:2)
  2 spiny frogs
  2 trolls (Orc:2)
  A hornet (D:13)
  A polar bear (Lair:6)
  A wyvern (Lair:1)
  A water moccasin (Lair:6)
  An orc warrior (Orc:2)
  An orc priest (Orc:2)
  2 orc wizards (Orc:2)
  2 orcs (Orc:2)
  3 kobolds (D:13)
26 creatures vanquished.

Vanquished Creatures (others)
  An orc (Orc:2)
  4 plants
5 creatures vanquished.

Grand Total: 807 creatures vanquished

Notes
Turn   | Place    | Note
-------+----------+-------------------------------------------
     0 | D:1      | Leybi the Troll Berserker began the quest for the Orb.
     0 | D:1      | Reached XP level 1. HP: 22/22 MP: 0/0
   218 | D:1      | Reached XP level 2. HP: 29/29 MP: 1/1
   545 | D:1      | Reached ** piety under Trog
   545 | D:1      | Reached XP level 3. HP: 35/36 MP: 2/2
   947 | D:2      | Found a hazy altar of Hepliaklqana.
  1376 | D:2      | Reached XP level 4. HP: 44/45 MP: 3/3
  1478 | D:2      | Found a bloodstained altar of Trog.
  1602 | D:2      | Found a white marble altar of Elyvilon.
  2004 | D:2      | Found an iron altar of Okawaru.
  2010 | D:2      | Reached skill level 4 in Unarmed Combat
  2074 | D:3      | Reached *** piety under Trog
  2084 | D:3      | Reached XP level 5. HP: 34/54 MP: 4/4
  2295 | D:3      | Found a glowing drain.
  2320 | Sewer    | Entered a sewer
  2321 | Sewer    | Noticed aggelon's ghost (amateur TrBe)
  2339 | Sewer    | Killed aggelon's ghost
  2339 | Sewer    | Reached skill level 5 in Fighting
  2339 | Sewer    | Reached skill level 5 in Unarmed Combat
  2339 | Sewer    | Reached XP level 6. HP: 66/66 MP: 5/5
  2445 | Sewer    | Reached XP level 7. HP: 65/72 MP: 6/6
  2447 | Sewer    | Reached **** piety under Trog
  3330 | D:4      | Reached ***** piety under Trog
  3351 | D:4      | Noticed Robin
  3358 | D:4      | Killed Robin
  3467 | D:4      | Reached skill level 6 in Unarmed Combat
  3524 | D:4      | Reached XP level 8. HP: 78/84 MP: 7/7
  3622 | D:4      | Noticed Edmund
  3630 | D:4      | Killed Edmund
  4068 | D:4      | Found a deep blue altar of Sif Muna.
  4174 | D:5      | Entered Level 5 of the Dungeon
  4413 | D:5      | Found a sand-covered staircase.
  4428 | Ossuary  | Entered an ossuary
  4504 | Ossuary  | Reached skill level 7 in Unarmed Combat
  4800 | D:5      | Noticed Turgon's ghost (amateur DsCK)
  4821 | D:5      | Killed Turgon's ghost
  4821 | D:5      | Reached XP level 9. HP: 97/97 MP: 8/8
  4838 | D:5      | Found a stormy altar of Qazlal.
  4992 | D:5      | Found a shattered altar of Ashenzari.
  5699 | D:6      | Found a shadowy altar of Dithmenos.
  5832 | D:6      | Reached skill level 8 in Unarmed Combat
  6178 | D:7      | Found a staircase to the Ecumenical Temple.
  6188 | Temple   | Entered the Ecumenical Temple
  6311 | D:7      | Received a gift from Trog
  6693 | D:7      | Found an ancient bone altar of Kikubaaqudgha.
  7156 | D:8      | Reached skill level 10 in Fighting
  7220 | D:8      | Reached skill level 9 in Unarmed Combat
  7285 | D:8      | Found a sparkling altar of Nemelex Xobeh.
  7300 | D:8      | Reached XP level 10. HP: 110/110 MP: 9/9
  7339 | D:8      | Noticed Erica
  7501 | D:8      | Found a staircase to the Lair.
  7560 | D:8      | Found a basalt altar of Yredelemnul.
  7562 | D:8      | Noticed a profane servitor
  7575 | D:8      | Found a glowing golden altar of the Shining One.
  7577 | D:8      | Noticed an angel
  7593 | D:8      | Killed Erica
  7593 | D:8      | Reached skill level 10 in Unarmed Combat
  7779 | D:8      | Found Bewekk's Jewellery Shop.
  8041 | D:9      | Got a wavering jade ring
  8379 | D:9      | Reached skill level 11 in Unarmed Combat
  8482 | D:9      | Found Naul's Weapon Shop.
  8621 | D:10     | Entered Level 10 of the Dungeon
  8677 | D:10     | Found a shattered altar of Ashenzari.
  8758 | D:10     | Noticed a hill giant
  8763 | D:10     | Killed a hill giant
  8941 | D:10     | Identified the ring "Lajuxkymm" {Slay+6 SInv} (You found it on level 9 of the Dungeon)
  9000 | D:10     | Found Nihegaze's Antique Armour Shoppe.
  9049 | D:10     | Bought a glowing hat for 260 gold pieces
  9298 | D:10     | Reached skill level 12 in Unarmed Combat
  9473 | D:11     | Noticed a four-headed hydra
  9478 | D:10     | Killed a four-headed hydra
  9534 | D:11     | Received a gift from Trog
  9537 | D:11     | Reached XP level 11. HP: 107/116 MP: 10/10
  9673 | D:11     | Found Kaprosch's Antique Weapon Shop.
  9693 | D:11     | Got a fine whip
  9750 | D:11     | Noticed Urug
  9758 | D:11     | Killed Urug
  9758 | D:11     | Reached skill level 13 in Unarmed Combat
 10374 | D:12     | Noticed a hill giant
 10390 | D:12     | Killed a hill giant
 10411 | D:12     | Reached skill level 14 in Unarmed Combat
 10467 | D:12     | Found a labyrinth entrance.
 10472 | Lab      | Entered a labyrinth
 11019 | Lab      | Noticed a minotaur
 11025 | Lab      | Killed a minotaur
 11175 | D:12     | Noticed a hill giant
 11207 | D:12     | Killed a hill giant
 11242 | D:12     | Found a staircase to the Orcish Mines.
 11357 | D:12     | Reached skill level 15 in Unarmed Combat
 11866 | D:12     | Reached XP level 12. HP: 125/125 MP: 8/11
 12027 | Lair:1   | Entered Level 1 of the Lair of Beasts
 12097 | Lair:1   | Noticed a five-headed hydra
 12104 | Lair:1   | Killed a seven-headed hydra
 12383 | Lair:1   | Reached skill level 16 in Unarmed Combat
 12804 | Lair:2   | Noticed Sonja
 12896 | Lair:2   | Found a hole to the Spider Nest.
 13024 | Lair:2   | Killed Sonja
 13024 | Lair:2   | Reached ****** piety under Trog
 13024 | Lair:2   | Received a gift from Trog
 13028 | Lair:2   | Got a slimy rapier {god gift}
 13311 | Lair:2   | Reached skill level 17 in Unarmed Combat
 13745 | Lair:3   | Found a staircase to the Swamp.
 13945 | Lair:3   | Noticed a six-headed hydra
 13957 | Lair:3   | Killed a six-headed hydra
 14378 | Lair:3   | Noticed Nergalle
 14385 | Lair:3   | Killed Nergalle
 14578 | Lair:4   | Reached XP level 13. HP: 21/133 MP: 3/12
 14911 | Lair:4   | Reached skill level 18 in Unarmed Combat
 15452 | Lair:5   | Found a staircase to the Slime Pits.
 15798 | Lair:5   | Received a gift from Trog
 16452 | Lair:6   | Entered Level 6 of the Lair of Beasts
 17385 | Lair:6   | Reached skill level 19 in Unarmed Combat
 17395 | Lair:6   | Noticed a dire elephant
 17395 | Lair:6   | Noticed a dire elephant
 17400 | Lair:6   | Killed a dire elephant
 17406 | Lair:6   | Killed a dire elephant
 17419 | Lair:6   | Got a smoking steel ring
 17442 | Lair:6   | Identified the ring of Xiago {Fire +Fly Str+3 Dex+4 SInv} (You found it on level 6 of the Lair of Beasts)
 17496 | Lair:6   | Noticed a dire elephant
 17497 | Lair:6   | Noticed a dire elephant
 17498 | Lair:6   | Noticed a dire elephant
 17504 | Lair:6   | Killed a dire elephant
 17509 | Lair:6   | Killed a dire elephant
 17512 | Lair:6   | Killed a dire elephant
 17601 | Lair:6   | Reached XP level 14. HP: 113/146 MP: 9/13
 17971 | Orc:1    | Entered Level 1 of the Orcish Mines
 18262 | Orc:2    | Entered Level 2 of the Orcish Mines
 18262 | Orc:2    | Found a staircase to the Elven Halls.
 18467 | Orc:2    | Found a roughly hewn altar of Beogh.
 18671 | Orc:2    | Received a gift from Trog
 18684 | Orc:2    | Got an ichor-stained giant club {god gift}
 18742 | Orc:2    | Found a roughly hewn altar of Beogh.
 18869 | Orc:2    | Found a roughly hewn altar of Beogh.
 19028 | Orc:2    | Found a roughly hewn altar of Beogh.
 19028 | Orc:2    | Found Ucou's Antique Armour Shoppe.
 19121 | Orc:2    | Bought a runed cloak for 220 gold pieces
 19134 | Orc:2    | Bought an embroidered robe for 140 gold pieces
 19134 | Orc:2    | Bought a glowing robe for 140 gold pieces
 19162 | Orc:2    | Identified the +4 giant club "Kaoj" {drain, *Corrode rElec rPois} (Trog gifted it to you on level 2 of the Orcish Mines)
 19368 | Orc:2    | Found a roughly hewn altar of Beogh.
 19382 | Orc:2    | Found Kuxaez's Assorted Antiques.
 19421 | Orc:2    | Bought a scroll labeled ACUNEO NUOVUT for 28 gold pieces
 19421 | Orc:2    | Bought a scroll labeled RAGHES COUGAVU for 28 gold pieces
 19421 | Orc:2    | Bought a red potion for 25 gold pieces
 19609 | Orc:1    | Found Ewihym's Magic Scroll Emporium.
 19672 | Orc:1    | Bought a scroll of noise for 15 gold pieces
 20152 | Orc:2    | Received a gift from Trog
 20205 | Orc:2    | Noticed an orc warlord
 20215 | Orc:2    | Killed an orc warlord
 20286 | Orc:2    | Reached skill level 20 in Unarmed Combat
 20287 | Orc:2    | Found Zoaptofuwe's Antique Armour Shop.
 20289 | Orc:2    | Found a roughly hewn altar of Beogh.
 20363 | Orc:2    | Found Caoskimo's Antique Weapon Boutique.
 20474 | Elf:1    | Entered Level 1 of the Elven Halls
 20896 | D:13     | Found a stormy altar of Qazlal.
 21787 | D:13     | Found a gate to the Vaults.
 22302 | D:14     | Reached XP level 15. HP: 134/158 MP: 10/14
 22877 | D:15     | Entered Level 15 of the Dungeon
 23070 | D:15     | Noticed Nessos
 23502 | D:15     | Reached skill level 21 in Unarmed Combat
 23515 | D:15     | Killed Nessos
 23720 | D:15     | Found a staircase to the Depths.
 23954 | D:15     | Slain by a cyclops

Skill      XL: |  1  2  3  4  5  6  7  8  9 10 11 12 13 14 15 |
---------------+----------------------------------------------+-----
Fighting       | 3 5 6 8 10 11 12 | 12.6
Unarmed Combat | 4 5 6 7 9 12 15 17 19 20 21 | 21.1
Dodging        | 3 4 |  4.2

Action                   |  1- 3 |  4- 6 |  7- 9 | 10-12 | 13-15 || total
-------------------------+-------+-------+-------+-------+-------++-------
Melee: Unarmed           |   116 |   141 |   474 |   507 |   650 ||  1888
       Punch             |     1 |     2 |    14 |    35 |    92 ||   144
Invok: Berserk           |       |     2 |     5 |    11 |    14 ||    32
       Brothers in Arms  |       |       |       |     3 |     7 ||    10
       Trog's Hand       |       |       |       |     2 |     5 ||     7
  Use: Scroll            |       |       |     4 |    13 |     9 ||    26
       Potion            |       |       |       |     2 |     3 ||     5
 Stab: Sleeping          |       |       |     1 |     1 |     2 ||     4
       Distracted        |       |       |       |       |     1 ||     1
  Eat: Chunk             |    18 |    12 |    48 |    75 |   110 ||   263
Armor: Animal skin       |    44 |    68 |   134 |     5 |       ||   251
       Robe              |       |       |       |   133 |   190 ||   323
Dodge: Dodged            |    72 |   105 |   235 |   203 |   289 ||   904
